[Event "Lliga Catalana DH 2023"]
[Site "Catalonia"]
[Date "2023.04.15"]
[Round "11.6"]
[White "Fernandez Aguado, Enrique"]
[Black "Masague Artero, Guerau"]
[Result "1-0"]
[ECO "D56"]
[WhiteElo "2281"]
[BlackElo "2302"]
[Annotator "TA"]
[PlyCount "93"]
[EventDate "2023.01.24"]
[EventType "team-tourn"]
[EventCountry "ESP"]
[SourceTitle "playchess.com"]
[Source "ChessBase"]
[SourceQuality "1"]
[TimeControl "40/5400+30:1800+30"]

1. d4 Nf6 2. c4 e6 3. Nc3 d5 4. Bg5 Be7 5. e3 O-O 6. Nf3 h6 7. Bh4 Ne4 8. Bxe7 Qxe7 9. Rc1 Nxc3 10. Rxc3 c6 11. Qc2 Nd7 {[%emt 0:01:42] D56: Queen's Gambit Declined: Lasker Defence.} 12. cxd5 exd5 13. Bd3 Nf6 {[%emt 0:04:44] The position is equal.} 14. O-O Ne4 15. Bxe4 dxe4 16. Nd2 Re8 17. Rc5 f6 {[%emt 0:13:34] Prevents Re5} 18. a4 {[%emt 0:05:13][%cal Ba2a4,Ba4a5][%mdl 32] [#]} Bd7 $146 {[%emt 0:07:27] Black is weak on the dark squares} ({Predecessor:} 18... Bg4 19. Rc1 Rad8 20. a5 a6 21. Nc4 Qf7 22. Nb6 Qg6 23. f4 Be6 24. Qf2 f5 {0-1 Batsiashvili,N (2413)-Hammer,J (2601) Oslo op 2011 (2)}) 19. a5 Rad8 20. Rc1 Kh8 21. h3 Qe6 22. Nf1 a6 23. Ng3 Bc8 24. Qc3 Qf7 25. Qc4 Be6 26. Qb4 Bd5 27. Ne2 g5 28. Nc3 Bb3 29. Qb6 Rd7 30. Kf1 Ree7 31. Kg1 Kh7 32. Qa7 f5 33. Qb8 Re8 34. Qh2 f4 35. h4 g4 {[%emt 0:07:05][%cal Og4g3] [#] Strongly threatening ...g3!} 36. exf4 {[%emt 0:03:58] Black must now prevent Re5.} Rxd4 {[%emt 0:00:00] And now ...e3 would win.} 37. Qg3 Rd2 (37... Rd3 $1 $11 {keeps the balance.} 38. Qxg4 e3 39. fxe3 Rexe3) 38. Re1 (38. Qxg4 e3 39. fxe3 Rg8 $15) 38... Bc2 (38... Bd5 $16) 39. h5 (39. Qxg4 $6 Bd3 $16) ({Better is} 39. Qe3 $18 Rd7 40. Re5 (40. Qe2 Bd3 $16)) 39... Bd3 $16 40. Qxg4 Rg8 (40... Rxb2 $16 41. Re3 Rd2) 41. Qh4 $18 {[%emt 0:28:12] aiming for Re5.} Qg7 {[%emt 0:30:17][%csl Gg8][%cal Rg7g2] [#]} 42. Qh3 Rxb2 (42... Qd4 $2 43. Qf5+ Kh8 44. Qe5+ (44. Nxe4 $2 {loses.} Bxe4 45. Qe5+ Qxe5 $19) 44... Qxe5 45. Rxe5 (45. fxe5 Rf8 $11)) 43. Nxe4 Rb1 $2 (43... Bxe4 44. Rxe4 Rb1+ 45. Kh2 Qa1 46. Qf5+ Kh8 47. Qe5+ Qxe5 48. Rcxe5 (48. fxe5 Rb2 $16) 48... Rb5) 44. Nf6+ (44. Qxd3 $2 Qxg2#) 44... Kh8 45. Rxb1 ({Inferior is} 45. Nxg8 Rxe1+ 46. Kh2 Qd4 $11) 45... Bxb1 46. Nxg8 Kxg8 47. Qb3+ {[%emt 0:00:30] Weighted Error Value: White=0.09 (flawless) /Black=0.38} 1-0

[Event "Lliga Catalana DH 2023"]
[Site "Catalonia"]
[Date "2023.04.15"]
[Round "11.6"]
[White "Ayas Fernandez, Antonio"]
[Black "Escandell Mari, Juan Carlos"]
[Result "1/2-1/2"]
[ECO "C91"]
[WhiteElo "2193"]
[BlackElo "2159"]
[Annotator "TA"]
[PlyCount "44"]
[EventDate "2023.01.24"]
[EventType "team-tourn"]
[EventCountry "ESP"]
[SourceTitle "playchess.com"]
[Source "ChessBase"]
[SourceQuality "1"]
[TimeControl "40/5400+30:1800+30"]

1. e4 e5 2. Nf3 Nc6 3. Bb5 a6 4. Ba4 Nf6 5. O-O Be7 6. Re1 b5 7. Bb3 d6 8. c3 O-O 9. d4 Bg4 10. Be3 Bh5 11. Nbd2 d5 {C91: Closed Ruy Lopez: 7...d6 8 c3 0-0 9 d4.} 12. exd5 ({Reject} 12. dxe5 Nxe5 13. exd5 Nd3 $15) 12... Nxd5 13. Ne4 exd4 14. Bxd4 Nxd4 15. Qxd4 Nf6 16. Ne5 {[#] And now Nc6 would win.} Qxd4 17. cxd4 Nxe4 18. Rxe4 {g4 is the strong threat.} Bd6 {[#]} 19. f4 $146 ({Predecessor:} 19. Rc1 Rac8 20. Bd5 Rcd8 21. f3 Bg6 22. Nxg6 hxg6 23. g3 Bxg3 24. hxg3 Rxd5 25. Rxc7 Rfd8 26. Ree7 Rf5 {½-½ Cole,S (1947)-Norman,N (2198) GB/C2017/ResE}) 19... Bg6 20. Re2 Bh5 (20... Bf5 $11) 21. Re4 Bg6 22. Nxg6 hxg6 {Weighted Error Value: White=0.12 (very precise) /Black=0.05 (flawless)} 1/2-1/2

[Event "Lliga Catalana DH 2023"]
[Site "Catalonia"]
[Date "2023.04.15"]
[Round "11.7"]
[White "Martinez Fernandez, Adrian"]
[Black "Perpinya Rofes, Lluis Maria"]
[Result "1-0"]
[ECO "B56"]
[WhiteElo "2374"]
[BlackElo "2261"]
[Annotator "TA"]
[PlyCount "49"]
[EventDate "2023.01.24"]
[EventType "team-tourn"]
[EventCountry "ESP"]
[SourceTitle "playchess.com"]
[Source "ChessBase"]
[SourceQuality "1"]
[TimeControl "40/5400+30:1800+30"]

1. e4 c5 2. Nc3 Nc6 3. Nge2 d6 4. d4 cxd4 5. Nxd4 Nf6 6. f3 Nxd4 7. Qxd4 g6 {[%emt 0:00:03] B56: Classical Sicilian: Unusual Lines.} 8. Bb5+ Bd7 9. Bxd7+ Qxd7 {[%emt 0:00:14] White is slightly better.} 10. Be3 Bg7 11. O-O-O O-O 12. e5 $36 {[%emt 0:00:06][%mdl 2048] White has good play.} Ne8 13. Qe4 Rc8 {[%emt 0:15:13] [#]} 14. Bxa7 $146 {[%emt 0:00:15] White is much more active. The black rooks are badly placed.} ({Predecessor:} 14. Rhe1 Rxc3 15. bxc3 Qb5 16. Qb4 Qxe5 17. Bxa7 Qxh2 18. Rxe7 Qxg2 19. Rxb7 Qxf3 20. Rd3 {½-½ Nasuta,G (2500)-Stocek,J (2548) Suwalki Warakomska Memorial 6th 2022 (5)}) 14... b5 15. Bd4 {[%emt 0:18:37] Black must now prevent Nd5.} Rc4 16. Qe3 b4 $2 {[%emt 0:23:45] [#] A mistake that costs the game.} (16... d5 $16) 17. Nd5 $18 {[%emt 0:06:32] Threatens to win with exd6.} dxe5 18. Bxe5 Qe6 19. Rhe1 f6 $2 (19... Nf6) 20. Qb3 {[%emt 0:03:44][%csl LRb4,LRc4] White is clearly winning.} fxe5 21. Qxc4 Kh8 22. Qxb4 Nd6 23. Kb1 Ra8 24. a3 Nf5 25. Nc7 {[%emt 0:00:37] Weighted Error Value: White=0.02 (flawless) /Black=0.52} 1-0

[Event "Lliga Catalana DH 2023"]
[Site "Catalonia"]
[Date "2023.04.15"]
[Round "11.7"]
[White "Valencia Jimenez, Jose"]
[Black "Pros Heras, Jordi"]
[Result "1/2-1/2"]
[ECO "A06"]
[WhiteElo "2023"]
[BlackElo "2054"]
[Annotator "TA"]
[PlyCount "91"]
[EventDate "2023.01.24"]
[EventType "team-tourn"]
[EventCountry "ESP"]
[SourceTitle "playchess.com"]
[Source "ChessBase"]
[SourceQuality "1"]
[TimeControl "40/5400+30:1800+30"]

1. Nf3 d5 2. b3 Bf5 3. Bb2 e6 4. e3 h6 5. d4 Nf6 6. Bd3 {A06: Réti Opening: 1 Nf3 d5.} Bxd3 7. Qxd3 Nbd7 8. Nbd2 {The position is equal.} c6 9. Ne5 Nxe5 10. dxe5 Nd7 11. O-O {[#]} Qc7 $146 ({Predecessor:} 11... Be7 12. f4 O-O 13. Rf3 f5 14. Kh1 g5 15. h3 Nc5 16. Qe2 g4 17. hxg4 fxg4 {½-½ Weiss,O-Fricker,T (2155) Westfalen-ch U20 1998}) 12. f4 O-O-O 13. a3 Kb8 14. b4 f6 (14... c5 $15) 15. Nf3 c5 16. c4 Nb6 17. cxd5 ({Better is} 17. exf6 $14 Nxc4 18. fxg7 Bxg7 19. Bxg7 Qxg7 20. bxc5) 17... Nxd5 $11 18. Rac1 Nxf4 {[%mdl 64] [#] Discovered Attack} 19. Qc4 (19. Qc2 $11 {remains equal.} Nd5 20. Qg6) 19... Nd3 $17 20. Rc2 Nxb2 (20... Nxe5 $6 21. Nxe5 fxe5 22. h3 $11 (22. bxc5 Be7 $11) (22. Qxe6 Bd6 $11)) (20... fxe5 $6 21. Bc3 Rd7 22. Rd1 $11) 21. Rxb2 cxb4 22. Qxe6 (22. Qxc7+ $17 Kxc7 23. axb4) 22... bxa3 $19 23. Rb3 Bc5 {Wards off Nd4} 24. Rfb1 Bb6 25. Rxa3 fxe5 26. Qb3 (26. Qxe5 $142 Qxe5 27. Nxe5) 26... Rhe8 27. Qb2 Rc8 28. Rb3 Re6 29. h3 Qd6 30. Kh1 Qd5 31. Rb5 Qe4 32. Nxe5 $2 (32. Qd2) 32... Rc2 ({Worse is} 32... Qxe3 33. Nd7+ Ka8 34. Rb3 $15) (32... Bxe3 $2 {leads to mate.} 33. Rxb7+ Ka8 34. Rb8+ Rxb8 35. Qxb8#) 33. Nd7+ Kc7 34. Qxg7 Re7 (34... Bxe3 {gets mated.} 35. Ne5+) 35. Qg3+ (35. Nf6 $142 Rxg7 36. Nxe4 Rgxg2 37. R5b3) 35... Kxd7 36. Rd1+ Kc6 37. Rbd5 Re6 {Wards off Qd6+} (37... Qxe3 $2 38. Qd6#) 38. Rd6+ {[#]} Rxd6 $2 (38... Kb5 $1 $19 {Strongly threatening ...Rxd6.} 39. Rb1+ Kc5 40. Rxe6 Qxe6) 39. Qxd6+ $11 Kb5 40. Rb1+ Ka4 41. Ra1+ $1 Kb5 $1 42. Rb1+ Ka4 43. Ra1+ $1 Kb3 $2 (43... Kb5 $11 44. Rb1+) 44. Qa3+ $18 Kc4 45. Qa4+ Kd5 46. Rd1+ {[%mdl 32768] White used his chance.   Weighted Error Value: White=0.42/Black=0.40. An unexpected result.} 1/2-1/2

[Event "Lliga Catalana DH 2023"]
[Site "Catalonia"]
[Date "2023.04.15"]
[Round "11.8"]
[White "Bernado Lopez, Roger"]
[Black "Alcala Gonzalez, Cesar"]
[Result "0-1"]
[ECO "B12"]
[WhiteElo "2167"]
[BlackElo "2262"]
[Annotator "TA"]
[PlyCount "98"]
[EventDate "2023.01.24"]
[EventType "team-tourn"]
[EventCountry "ESP"]
[SourceTitle "playchess.com"]
[Source "ChessBase"]
[SourceQuality "1"]
[TimeControl "40/5400+30:1800+30"]

1. e4 c6 2. d4 d5 3. e5 c5 4. dxc5 e6 5. a3 Bxc5 6. b4 {[%emt 0:00:26] B12: Caro-Kann: Advance Variation.} Be7 7. Nf3 a5 8. b5 {[%emt 0:01:40] The position is equal.} ({But not} 8. Bb5+ Bd7 9. Bxd7+ Nxd7 $17) 8... Nd7 9. c4 Nb6 {[%emt 0:24:33] [#]} ({Black should play} 9... Qc7 $11) 10. Be3 $146 ({Predecessor:} 10. cxd5 Nxd5 11. Bc4 Nb6 12. Bd3 g5 13. h3 Nd5 14. Be4 h5 15. Ra2 Nh6 16. Rd2 {1-0 Najer,E (2654)-Shengelia,D (2519) CZE-chT 2122 2021 (11.1)}) 10... dxc4 11. Qxd8+ Bxd8 12. Bxb6 (12. Nbd2 {simplifies} Ne7 13. Bxb6 Bxb6 14. Nxc4 Nd5 15. Nxb6 Nxb6 16. Be2) 12... Bxb6 13. Nbd2 c3 14. Ne4 f6 (14... Ne7 {simplifies} 15. Nxc3 O-O 16. Na4 Ba7) 15. Rc1 (15. Nxc3 {simplifies} Bd7 16. Bd3 fxe5 17. Rc1) 15... fxe5 16. Nxe5 Nf6 17. Nxc3 O-O ({Black should try} 17... Bd4 $11 18. f4 O-O) 18. Nc4 (18. Na4 $14 Bd4 19. Nf3) 18... Bd4 $15 19. Be2 Nd5 ({Better is} 19... e5 $15 20. O-O Be6) 20. Ne4 $11 Nf4 21. g3 Nxe2 22. Kxe2 e5 {[%emt 0:02:11] Strongly threatening ...Bg4+.} 23. f3 {[%emt 0:01:02] Against Bg4} Be6 24. Rhd1 a4 25. Ng5 Bd7 (25... Bd5 $15 26. Nxe5 Bxe5 27. Rxd5 Bb2) 26. Nd6 Ra5 (26... h6 $11 {deserves consideration.} 27. Rc7 Rad8) 27. Rb1 (27. Rc7 $1 $14 Bxb5+ 28. Ke1) 27... b6 28. Nge4 Be6 29. Rdc1 Ra7 $36 {[%emt 0:02:43][%mdl 2048] Prevents Rc7. Black is pushing.} (29... Ba2 $5) 30. g4 Ba2 {[%emt 0:00:19] A strong pair of Bishops.} 31. Rb4 Bb3 {[%emt 0:02:14] White must now prevent ...Bb2.} 32. Rxd4 {[%emt 0:03:27] Black keeps a firm grip on the game.} exd4 $17 33. Rc6 {[%emt 0:01:21] [#]} Rb8 34. Nc8 (34. Kd3 $17) 34... Rab7 35. Ned6 {[%emt 0:00:00] [#]} (35. Ncd6 $142 Re7 36. Rc1) 35... Bd5 $1 $19 36. Nxb7 (36. Rc1 Rd7) 36... Bxc6 {[%emt 0:00:33][%mdl 4096] Endgame KRB-KNN} 37. Nbd6 {[%emt 0:00:40] [#]} (37. Ne7+ {was the only chance.} Kf8 38. Nxc6 Rxb7 39. f4) 37... Bxb5+ $1 {[%emt 0:00:00][%mdl 576] Deflection} 38. Kd2 (38. Nxb5 Rxc8) 38... Kf8 {[%emt 0:00:25] Repels Ne7. aiming for ...Bd7.} 39. Nxb5 Rxc8 40. Nxd4 {[%emt 0:00:49] KR-KN} Rc4 41. Kd3 Rc1 {[%emt 0:00:07] Black is clearly winning.} 42. Kd2 (42. h4 $142 h5 43. gxh5) 42... Ra1 43. Nb5 Ra2+ 44. Kc3 Rxh2 45. Kb4 Rf2 46. Nd4 Rd2 47. Nb5 Rd3 48. f4 Rf3 49. Nc7 Rxf4+ {[%emt 0:00:25] Weighted Error Value: White=0.79/Black=0.14 (very precise)} 0-1

[Event "Lliga Catalana DH 2023"]
[Site "Catalonia"]
[Date "2023.04.15"]
[Round "11.8"]
[White "Saumoy Poch, Salvador"]
[Black "Ruiz Lupon, Neri"]
[Result "1/2-1/2"]
[ECO "A46"]
[WhiteElo "2002"]
[BlackElo "1922"]
[Annotator "TA"]
[PlyCount "83"]
[EventDate "2023.01.24"]
[EventType "team-tourn"]
[EventCountry "ESP"]
[SourceTitle "playchess.com"]
[Source "ChessBase"]
[SourceQuality "1"]
[TimeControl "40/5400+30:1800+30"]

1. d4 Nf6 2. c4 a6 3. Nc3 c5 4. dxc5 e6 5. Nf3 Bxc5 6. e3 O-O 7. Be2 Nc6 8. O-O d5 9. cxd5 {A46: 1 d4 Nf6 2 Nf3 e6: Torre, London and Colle Systems.} Nxd5 10. Nxd5 Qxd5 11. Qxd5 exd5 12. Rd1 Rd8 {[#]} 13. Bd2 $146 ({Predecessor:} 13. Nd4 Nxd4 14. exd4 Be7 15. Bf4 Be6 16. Rac1 Rac8 17. Bc7 Re8 18. f4 Bd8 19. Bd6 Rxc1 20. Rxc1 {½-½ Calvo Sanchez,J-Gonzalez Merino,A Valladolid CC Regalado-A 23rd 1999 (4)}) 13... Bf5 14. Bc3 Rac8 15. Rd2 h6 16. Rad1 Be6 17. Kf1 b5 18. b3 Ne7 19. Ba5 Re8 20. Nd4 Bxd4 21. exd4 Rc6 22. Bb4 Nf5 23. Bc5 Rec8 24. Ra1 Nd6 25. f3 {Prevents Ne4} Rb8 26. Bxd6 Rxd6 27. Rc2 {Against Rc6} Kf8 28. Bd3 Ke7 29. Rc7+ Rd7 30. Rac1 Rbd8 31. R7c6 {White is more active.} Rd6 32. Rc7+ R6d7 33. Kf2 Rxc7 34. Rxc7+ $14 {[%mdl 4096] Endgame KRB-KRB} Rd7 35. Rc6 Rd6 36. Rc5 Kd7 37. Ke3 Rb6 38. h3 Kd6 39. f4 Rb8 40. f5 Bd7 41. Rc1 Rc8 42. Rxc8 {Weighted Error Value: White=0.11 (very precise) /Black=0.11 (very precise)} 1/2-1/2

[Event "Lliga Catalana DH 2023"]
[Site "Catalonia"]
[Date "2023.04.15"]
[Round "11.9"]
[White "Martin Gonzalez, Angel"]
[Black "Jimenez Ruano, Adrian"]
[Result "0-1"]
[ECO "B18"]
[WhiteElo "2216"]
[BlackElo "2235"]
[Annotator "TA"]
[PlyCount "75"]
[EventDate "2023.01.24"]
[EventType "team-tourn"]
[EventCountry "ESP"]
[SourceTitle "playchess.com"]
[Source "ChessBase"]
[SourceQuality "1"]
[TimeControl "40/5400+30:1800+30"]

1. e4 c6 2. d4 d5 3. Nc3 dxe4 4. Nxe4 Bf5 5. Ng3 Bg6 6. N1e2 Nf6 7. h4 {[%emt 0:02:13] is currently scoring better than 7.Nf4. B18: Classical Caro-Kann: 4...Bf5 sidelines.} Nh5 8. Nxh5 Bxh5 9. f3 {[%emt 0:00:07] Threatens to win with g4. White is slightly better.} f6 $1 {[%emt 0:01:18] [#]} 10. Be3 $146 ({Predecessor:} 10. Ng3 Bf7 11. Bf4 e6 12. Ne4 Be7 13. Qd2 O-O 14. O-O-O a5 15. g4 Na6 16. g5 {1-0 Shapar,T (1808)-Markarov,V (1804) Golubitskaya op 2014 (4)}) 10... Qa5+ 11. Nc3 Bf7 {[%emt 0:03:45] Wards off Bc4} 12. Bd3 Nd7 13. a3 e5 14. b4 Qc7 15. O-O Be7 16. Be4 (16. f4 $11) 16... Rd8 $15 17. Qe1 {[%emt 0:05:41] [#]} exd4 $1 18. Bxd4 Nb6 (18... O-O $15) 19. Bc5 Qe5 {[%emt 0:00:14] Repels Bf5} (19... Bc4 $11) 20. Bxe7 Qxe7 21. Bf5 Bc4 22. Qg3 Qe3+ $17 {[%emt 0:02:15] Black converts the advantage convincingly.} 23. Kh1 {[%emt 0:02:33] [#]} (23. Kh2 $15 O-O 24. Bd3) 23... O-O $1 $36 {[%emt 0:02:45][%mdl 2048] Black is really pushing.} (23... Qxc3 $2 24. Qxg7 Bxf1 25. Qxh8+ Ke7 26. Qxh7+ Kd6 27. Rxf1 $18) (23... Bxf1 $2 24. Re1 $18) 24. Qe1 Rfe8 25. Qxe3 Rxe3 26. Rad1 (26. Bd3 $17) 26... Rxd1 $19 27. Nxd1 Rxa3 28. Re1 Ra1 29. Kg1 (29. Rg1 $142) 29... g6 30. Bh3 Rc1 31. f4 f5 {[%emt 0:01:37] aiming for ...Nd5.} (31... Rxc2 $2 32. Ne3 Re2 33. Be6+ Kf8 34. Rxe2 Bxe2 35. Kf2 $19) 32. g4 Nd5 {[%emt 0:01:07] White must now prevent ...Nc3.} (32... Rxc2 $2 33. gxf5 Nd5 34. fxg6 hxg6 35. Ne3 Nxe3 36. Rxe3 $19) 33. gxf5 Nxf4 34. Bf1 Bd5 ({Not} 34... Rxc2 35. Ne3 Bxf1 36. Nxc2 $14) 35. fxg6 Nxg6 (35... hxg6 $2 {loses.} 36. Kf2 $19) 36. h5 Nf4 37. h6 Bf3 ({Worse is} 37... Rxc2 38. Re7 $11) 38. Re7 $2 {[%emt 0:00:53] Weighted Error Value: White=0.27 (precise) /Black=0.09 (flawless)} (38. Kf2 Rxd1 39. Re7) 0-1

[Event "Lliga Catalana DH 2023"]
[Site "Catalonia"]
[Date "2023.04.15"]
[Round "11.9"]
[White "Fernandez Climent, Albert"]
[Black "Navarro Perez, Manuel"]
[Result "1/2-1/2"]
[ECO "C41"]
[WhiteElo "1959"]
[BlackElo "2004"]
[Annotator "TA"]
[PlyCount "87"]
[EventDate "2023.01.24"]
[EventType "team-tourn"]
[EventCountry "ESP"]
[SourceTitle "playchess.com"]
[Source "ChessBase"]
[SourceQuality "1"]
[TimeControl "40/5400+30:1800+30"]

1. e4 d6 2. d4 e5 3. Nf3 exd4 4. Nxd4 Nf6 5. Nc3 Be7 6. Be2 a6 {C41: Philidor Defence.} 7. f4 c5 8. Nb3 b5 {White is slightly better.} 9. Bf3 {Strongly threatening e5.} Ra7 {[#]} 10. a3 $146 ({Predecessor:} 10. e5 dxe5 11. Qxd8+ Bxd8 12. fxe5 Nfd7 13. Bf4 Nxe5 14. Bxe5 Re7 15. O-O-O Rxe5 16. Rhe1 Rxe1 17. Rxe1+ {1-0 Barczay,L-Fernandez Bravo,C Capablanca Memorial-08 1971 (4)}) 10... O-O 11. Be3 $36 {[%mdl 2048] Black is under pressure.} Nbd7 12. g4 h6 (12... d5 $14) 13. h4 $16 {g5 would be deadly. White is more active.} Nh7 (13... Nb6 $16) 14. g5 $18 Nb6 15. Na5 Bd7 16. Qd2 Nc4 (16... Rc7 $142 17. gxh6 g6) 17. Nxc4 bxc4 18. O-O-O Bc6 19. Nd5 {Against Qb6} Bxd5 20. Qxd5 c3 21. gxh6 {Black is weak on the light squares} cxb2+ 22. Kb1 Qa5 23. Qa2 (23. Kxb2 Rb8+ 24. Kc1 Rab7 $19) 23... gxh6 24. Rhg1+ (24. Qxb2 Bf6 25. e5 dxe5 $16) 24... Kh8 25. f5 (25. Qxb2+ Bf6 26. e5 dxe5 $16) (25. e5 $142) 25... Qc3 $2 (25... Bf6 {was worth a try.} 26. Rxd6 (26. Bxh6 Rd8 $16) 26... Rd8 27. Rxd8+ Qxd8) 26. Bxh6 ({Inferior is} 26. Qxb2 Rb7 27. Qxb7 Bf6 $11) 26... Bf6 27. Bxf8 Nxf8 28. Qb3 ({Much less strong is} 28. Rxd6 c4 29. Rxf6 Qxf6 30. Qxc4 Qb6 $18) (28. Rd3 $142 Qe5 29. c3) 28... Qxb3 29. cxb3 Be5 30. Rd2 (30. Rd5 $1 $18) 30... a5 $16 31. a4 (31. Rxb2 $142 {Hoping for Rbg2.} Bxb2 32. Kxb2) 31... Rb7 32. Bd1 Rb4 (32... Nd7 $16) 33. Bc2 Nd7 {[#]} 34. Rgd1 (34. Rdg2 $1 $16) 34... c4 $1 $11 35. bxc4 {And now Rxd6 would win.} Nb6 $1 36. Re2 Nxa4 {( -> ...Nc3#)} 37. Bxa4 (37. Re3 {simplifies} Rxc4 38. Bb3 Nc3+ 39. Rxc3 Rxc3 40. Kxb2 Re3+ 41. Ka3) 37... Rxa4 {[%mdl 4096] Endgame KRR-KRB} 38. Ree1 $2 (38. Rxb2 $1 $11 Bxb2 39. Kxb2 Rxc4 40. Rxd6) 38... Rxc4 $2 ({Black should play} 38... Ra1+ $19 39. Kc2 a4) 39. Rd5 $15 a4 (39... Kh7 $15) 40. Ra5 $11 Kg7 41. Ra7 Kf6 42. Rd1 Kg7 43. h5 Rb4 $2 {[#]} (43... Bd4 $11 {and Black is okay.} 44. Ra8 Kh6) 44. Re1 $2 {Weighted Error Value: White=0.42/Black=0.51} (44. Rh1 $1 $18) 1/2-1/2

[Event "Lliga Catalana DH 2023"]
[Site "Catalonia"]
[Date "2023.04.15"]
[Round "11.10"]
[White "Salinas Tomas, Daniel"]
[Black "Martin Barcelo, Carles"]
[Result "1-0"]
[ECO "E11"]
[WhiteElo "2147"]
[BlackElo "2208"]
[Annotator "TA"]
[PlyCount "141"]
[EventDate "2023.01.24"]
[EventType "team-tourn"]
[EventCountry "ESP"]
[SourceTitle "playchess.com"]
[Source "ChessBase"]
[SourceQuality "1"]
[TimeControl "40/5400+30:1800+30"]

1. d4 Nf6 2. c4 e6 3. g3 d5 4. Nf3 Bb4+ 5. Bd2 a5 6. Qc2 O-O 7. Bg2 c5 {[%emt 0:09:27] E11: Bogo-Indian.} 8. dxc5 d4 9. O-O (9. Bxb4 $14 {is superior.} axb4 10. Nbd2) 9... Nc6 {[%emt 0:00:00] The position is equal.} 10. Bxb4 axb4 11. Nbd2 Qe7 12. Ng5 Qxc5 13. Nde4 Nxe4 14. Nxe4 Qe7 15. c5 e5 16. Nd6 Be6 17. a3 b3 18. Qd2 {[%emt 0:02:11] White is more active.} f5 {[%emt 0:11:51] [#]} 19. e3 $146 ({Predecessor:} 19. a4 e4 20. a5 Kh8 21. Rfd1 Rf6 22. Qf4 Bd5 23. Ra4 h6 24. h4 Qc7 25. Nb5 {½-½ Morcin,T (1854)-Silva Filho,A (1731) RB-2011-0-00109}) 19... Ra4 20. Rad1 Qc7 (20... g6 $14) 21. Rfe1 e4 22. Nb5 $2 (22. f3 $16) 22... Qd7 (22... dxe3 $1 $11 {remains equal.} 23. Nxc7 exd2 24. Rxd2 Bf7) 23. exd4 $16 Rd8 24. Nd6 (24. f3 $16 Nxd4 25. Nxd4 Qxd4+ 26. Qxd4 Raxd4 27. Rxd4 Rxd4 28. fxe4) 24... Nxd4 {[%emt 0:01:33] [#]} (24... Rxd4 $11 25. Qg5 b6 26. Rxd4 Nxd4) 25. Qc3 (25. g4 $1 $16 ) 25... Nc2 $2 {[%emt 0:02:29][%mdl 8192] Loses the game.} (25... b6 $1 $15 26. Rxd4 Rxd4 27. Qxd4 bxc5 {[%mdl 64] Remove Defender} 28. Qxc5 Qxd6) 26. Re2 $2 (26. Nxf5 Nd4 27. Nd6 (27. Rxe4 $2 Bxf5 28. Kh1 Bxe4 $19)) 26... Raa8 $2 (26... Rf8 27. Red2 Qe7) 27. Red2 $18 {[%emt 0:00:00][%cal Od6f5] aiming for Nxf5!} (27. g4 Rf8 28. Red2 Qa4) 27... Qe7 28. Bf1 {[%emt 0:00:00] Bc4 would be deadly.} (28. Nxf5 Bxf5 29. Rxd8+ Rxd8 $18) 28... e3 (28... Kf8 $142 29. Bc4 e3) 29. fxe3 h6 30. Bc4 Bxc4 31. Qxc4+ $2 (31. Nxf5 Qf7 32. Rxd8+ Rxd8 33. Rxd8+ Kh7 34. Re8 Qxf5 35. Qxc4) 31... Kh7 32. Qxb3 (32. Nxf5 Rxd2 33. Rxd2 Nxe3 $18) 32... Qxe3+ 33. Qxe3 Nxe3 34. Re1 Ng4 35. Re7 {[%emt 0:00:00] Prevents Rd7} Ra5 36. h3 (36. Rxb7 Rxc5 37. Rb6 Rf8 $16) (36. Nxb7 Rxd2 37. Nxa5 Rd1+ 38. Kg2 Rd2+ 39. Kf1 (39. Kg1 Rd1+ 40. Kg2 Rd2+ 41. Kf1 Nxh2+ 42. Kg1 Nf3+ 43. Kf1 Nh2+ 44. Kg1 Nf3+ 45. Kf1 Nh2+ $11) 39... Nxh2+ 40. Kg1 Nf3+ 41. Kf1 Nh2+ 42. Kg1 Nf3+ 43. Kf1 Nh2+ $11) 36... Nf6 {[%emt 0:10:50] [#]} 37. Rxg7+ $3 {[%emt 0:01:54][%mdl 576] Decoy} Kxg7 38. Nxf5+ {[%emt 0:00:09][%mdl 64] Discovered Attack} Kg6 39. Nh4+ ({Stronger than} 39. Rxd8 Kxf5 40. g4+ Ke4 $15) 39... Kf7 40. Rxd8 Rxc5 {[%emt 0:00:59][%mdl 4096] Endgame [#] KRN-KRN} 41. Rd2 {[%emt 0:32:38] Against Rc2} Re5 42. Kg2 h5 43. Nf3 Re3 44. Kf2 Rb3 45. Re2 {[%emt 0:00:18] Against Ne4+} Kg6 (45... Kg8 {was called for.} 46. Nd4 Rd3) 46. Ne5+ Kf5 47. Nc4 {[%emt 0:00:46] Re3 is the strong threat.} Rd3 (47... Ne4+ $2 48. Rxe4 Kf6 49. Re3 $18) 48. Re5+ Kg6 49. Re3 Rd4 50. Ne5+ Kf5 51. Nf3 Rc4 (51... Ne4+ {was necessary.} 52. Kg2 Rc4) 52. Re5+ Kg6 53. Rb5 {[%emt 0:00:15] Threatens to win with Ne5+.} Ne4+ 54. Ke3 {[%emt 0:00:14] And now Ne5+ would win.} Kf6 (54... Nd6 55. Rxb7 Kf6) 55. b3 Rc5 56. Rb6+ Kf5 57. g4+ {[%emt 0:00:07][%mdl 64] Deflection} hxg4 58. hxg4+ Kxg4 59. Kxe4 {[%emt 0:00:04] KRN-KR} Rc7 60. a4 Re7+ 61. Ne5+ Kg5 62. a5 Rc7 63. b4 Rh7 64. b5 (64. Rg6+ $142 Kh5 65. Kf4 Rf7+ 66. Nxf7 Kxg6 67. Nd8 Kf6 68. Nxb7 Ke7 69. a6) 64... Rh1 65. Rxb7 {[%emt 0:00:22] White mates.} Re1+ 66. Kd4 Kf5 67. Nd3 Re8 68. a6 Rd8+ 69. Kc4 Ke4 70. Re7+ Kf5 71. a7 {[%emt 0:00:11] Weighted Error Value: White=0.39/Black=0.57} 1-0

[Event "Lliga Catalana DH 2023"]
[Site "Catalonia"]
[Date "2023.04.15"]
[Round "11.10"]
[White "Mas Mestres, Jordi"]
[Black "Pinyol i Llora, Julia"]
[Result "1-0"]
[ECO "C00"]
[WhiteElo "1818"]
[BlackElo "1795"]
[Annotator "NA RC COMBH"]
[PlyCount "47"]
[EventDate "2023.01.24"]
[EventType "team-tourn"]
[EventCountry "ESP"]
[SourceTitle "playchess.com"]
[Source "ChessBase"]
[SourceQuality "1"]
[TimeControl "40/5400+30:1800+30"]

1. e4 c5 2. Nf3 e6 3. d3 Nc6 4. g3 Nf6 5. Bg2 d5 6. Nbd2 Be7 7. O-O O-O 8. e5 Nd7 9. Re1 b5 10. h4 a5 11. a3 Bb7 12. Nf1 b4 13. N1h2 bxa3 14. bxa3 Nb6 15. Bf4 d4 16. Ng5 Nd5 17. Qh5 h6 18. Ng4 hxg5 19. hxg5 Qe8 20. Be4 g6 21. Qh4 Bxg5 22. Bxg5 Nce7 23. Nf6+ Nxf6 24. Bxf6 1-0